 Dungeon Crawl Stone Soup version 0.29-a0-275-g389c0b56f3 (webtiles) character file.

Game seed: 5309031085475225447

18010 spaghetti the Basher (level 12, -8/96 HPs)
             Began as a Demonspawn Chaos Knight on Mar 10, 2022.
             Was a Plaything of Xom.
             Succumbed to Nessos's poison
             ... on level 14 of the Dungeon.
             The game lasted 00:22:08 (11321 turns).

spaghetti the Basher (Demonspawn Chaos Knight)     Turns: 11321, Time: 00:22:08

Health: -8/96      AC:  7    Str: 13    XL:     12   Next: 23%
Magic:  12/12      EV: 15    Int: 19    God:    Xom [......]
Gold:   680        SH:  0    Dex: 23    Spells: 6/11 levels left

rFire   + . .      SeeInvis .   q - +8 mace of Vampap {distort, *Corrode rN+++ Str+3 Dex-4, mace}
rCold   . . .      Faith    .   (no shield)
rNeg    + + +      Spirit   .   p - +1 ring mail of Tyst {-Cast Harm rElec Stlth+}
rPois   .          Reflect  .   v - +0 helmet
rElec   +          Harm     +   O - +0 cloak
rCorr   .          Rampage  .   (no gloves)
Will    .....      NoCast   +   (no boots)
Stlth   ++........              x - amulet of regeneration {@e2}
HPRegen 1.06/turn               A - +6 ring of dexterity
MPRegen 0.13/turn               r - +6 ring of dexterity

@: lethally poisoned (-8 -> -43), unable to read
A: hooves 2, powered by death 1, sharp scales 1, demonic magic 3, clever 1,
deformed body, fire resistance 1, electricity resistance, weak 1, inability to
read while threatened, noise suppression
a: Renounce Religion


You were on level 14 of the Dungeon.
You worshipped Xom.
You were a very special plaything of Xom.
You visited 1 branch of the dungeon, and saw 14 of its levels.

You collected 876 gold pieces.
You spent 196 gold pieces at shops.


Innate Abilities, Weirdness & Mutations

You have hoof-like feet.
You regenerate a little health from kills.
You are partially covered in razor-sharp scales. (AC +1, Slay +1)
Spells you cast and wands you use may paralyse nearby enemies.
Your mind is acute. (Int +2)
Armour fits poorly on your strangely shaped body.
Your flesh is heat resistant. (rF+)
You are resistant to electric shocks. (rElec)
You are weak. (Str -2)
You sometimes lose the ability to read scrolls when taking damage.
You passively dampen the noise of your surroundings.


   Skills:
 + Level 9.6 Fighting
 - Level 2.6(3.2) Short Blades
 - Level 2.6(3.2) Long Blades
 - Level 14.0 Maces & Flails
 - Level 1.7 Armour
 + Level 7.2 Dodging
 + Level 2.3 Shields
 - Level 3.0 Transmutations
 - Level 1.8 Evocations


You had 6 spell levels left.
You knew the following spells:

 Your Spells              Type           Power      Damage    Failure   Level
a - Wereblood             Tmut           11%        N/A       19%         2
b - Swiftness             Air            0%         N/A       78%         3

Your spell library contained the following spells:

 Spells                   Type           Power      Damage    Failure   Level
 Passwall                 Tmut/Erth      4%         N/A       34%         2
 Animate Skeleton         Necr           0%         N/A       41%         1
 Apportation              Tloc           0%         N/A       41%         1
 Pain                     Necr           0%         1d4       41%         1
 Sandblast                Erth           0%         2d4       41%         1
 Summon Small Mammal      Summ           0%         N/A       41%         1
 Corpse Rot               Necr/Air       0%         N/A       54%         2
 Ensorcelled Hibernation  Hex/Ice        0%         N/A       54%         2
 Scorch                   Fire           0%         2d5       54%         2
 Sublimation of Blood     Necr           0%         N/A       54%         2
 Stone Arrow              Conj/Erth      0%         3d7       78%         3
 Dispel Undead            Necr           0%         3d6       99%         4
 Flame Wave               Conj/Fire      0%         2d4       99%         4
 Agony                    Necr           0%         N/A       100%        5
 Excruciating Wounds      Necr           0%         N/A       100%        5
 Death Channel            Necr           0%         N/A       100%        6
 Summon Cactus Giant      Summ           0%         N/A       100%        6
 Summon Hydra             Summ           0%         N/A       100%        7

Inventory:

Hand Weapons
 q - the +8 mace of Vampap (weapon) {distort, *Corrode rN+++ Str+3 Dex-4, mace}
   (You found it on level 2 of the Dungeon)

   It warps and distorts space around it, and may blink, banish, or inflict
   extra damage upon those it strikes.
   Unwielding it can cause banishment or high damage.
   Str:       It affects your strength (+3).
   Dex:       It affects your dexterity (-4).
   rN:        It renders you almost immune to negative energy.
   *Corrode:  It may corrode you when you take damage.
Missiles
 e - 312 stones {throwing}
 m - 6 boomerangs {throwing}
 w - 5 javelins {throwing}
 y - 29 poisoned darts {throwing}
 S - a curare-tipped dart {=fthrowing}
 U - a throwing net {=f!fthrowing}
Armour
 b - a +2 leather armour
 p - the +1 ring mail of Tyst (worn) {-Cast Harm rElec Stlth+}
   (You found it on level 2 of the Dungeon)

   rElec:     It insulates you from electricity.
   -Cast:     It prevents spellcasting.
   Harm:      It increases damage dealt and taken.
   Stlth:     It makes you more stealthy.
 v - a +0 helmet (worn)
   (You found it on level 3 of the Dungeon)
 O - a +0 cloak (worn)
   (You found it on level 9 of the Dungeon)
 X - a +0 kite shield
   (You took it off a gnoll sergeant on level 10 of the Dungeon)
Magical Staves
 G - a staff of earth {!astaff}
   (You found it on level 7 of the Dungeon)
 P - a staff of air {!astaff}
   (You found it on level 9 of the Dungeon)
Jewellery
 r - a +6 ring of dexterity (right hand)
   (You found it on level 9 of the Dungeon)
 x - an amulet of regeneration (around neck) {@e2}
   (You found it on level 5 of the Dungeon)
 A - a +6 ring of dexterity (left hand)
   (You found it on level 5 of the Dungeon)
 M - a ring of magical power
   (You found it on level 9 of the Dungeon)
 T - a ring of positive energy
   (You found it on level 11 of the Dungeon)
Wands
 g - a wand of digging (13)
   (Xom gifted it to you on level 2 of the Dungeon)
 n - a wand of polymorph (29)
   (You found it on level 2 of the Dungeon)
 B - a wand of flame (6)
   (You took it off Pikel on level 5 of the Dungeon)
 C - a wand of paralysis (11)
   (You took it off Ijyb on level 5 of the Dungeon)
 F - a wand of iceblast (11)
   (You found it on level 6 of the Dungeon)
Scrolls
 j - 2 scrolls of silence {!r}
 l - a scroll of vulnerability {!r!r}
 s - 2 scrolls of enchant weapon
 t - 7 scrolls of teleportation {@r4}
 z - 2 scrolls of fog
 H - 2 scrolls of amnesia
 J - 3 scrolls of identify {@r1}
 K - 2 scrolls of immolation {!r!r}
 Q - a scroll of enchant armour
 Z - a scroll of fear
Potions
 a - 5 potions of curing {@q1}
 d - 4 potions of flight
 h - a potion of invisibility
 D - 3 potions of attraction {!q}
 E - 3 potions of haste {@q3}
 L - 2 potions of might
 W - 2 potions of heal wounds {@q2}
Miscellaneous
 c - a piece from Xom's chessboard (11/15) (quivered)
 f - a lightning rod (4/4)
   (You found it on level 13 of the Dungeon)

Dungeon Overview and Level Annotations

Branches:
Dungeon (14/15)            Temple (0/1) D:4            Lair (0/6) D:11
    Orc (0/2) D:10
 Vaults: D:13-14

Altars:
Dithmenos
Elyvilon
Gozag
Kikubaaqudgha
Makhleb
Qazlal
Ru
Sif Muna
Uskayaw
Vehumet
Xom
Yredelemnul
Zin

Shops:
D:1 *:!   D:6 (   D:8 *   D:13 (

Annotations:
D:3 Grinder
D:4 2 transporters
D:8 exclusion: 3 oklob plants
D:12 3 runed translucent doors, Bezofud's ghost, journeyman TrWr
D:13 Nessos
Abyss:1 Sigmund

### ..# #.#
#.#
#####.####...
#....B......#
#.###.###@#
#.........#
#####.##### #


You could see a boulder beetle.


Message History

Unknown command.
Nessos shoots an arrow.
The arrow barely misses you.
You climb downwards.
There is a stone staircase leading up, spattered with blood here.
Things that are here:
3 large rocks {=fthrowing}; a cyclops corpse 😕 HP[+3]
You regained 3 hp, and now have 76/96 hp.
You start resting. 😎 HP[+20]
Your hp is fully restored (96).
You climb upwards.
Level annotation: Nessos Nessos shoots an arrow.
The arrow hits you!
Nessos shoots an arrow.
The arrow barely misses you.
There is a stone staircase leading down, spattered with blood here. 😕 HP[-14]
You take 14 damage, and now have 82/96 hp.
Nessos shoots an arrow.
The arrow hits you!! The arrow burns you.
Nessos gestures wildly while chanting.
Nessos blinks!
You climb downwards.
There is a stone staircase leading up, spattered with blood here.
Things that are here:
3 large rocks {=fthrowing}; a cyclops corpse 😮 HP[-29]
You take 29 damage, and now have 53/96 hp.
MASSIVE DAMAGE!! (PAUSE)
You start resting. 😎 HP[+43]
Your hp is fully restored (96).
You climb upwards.
Level annotation: Nessos Nessos casts a spell.
Nessos seems to speed up.
Nessos mumbles some strange words.
Nessos blinks!
The boulder beetle leaps!
There is a stone staircase leading down, spattered with blood here.
There are monsters nearby!
Nessos shoots an arrow.
The arrow closely misses you.
Nessos shoots an arrow.
The arrow closely misses you.
You climb downwards.
There is a stone staircase leading up, spattered with blood here.
Things that are here:
3 large rocks {=fthrowing}; a cyclops corpse You start waiting.
Done waiting.
You climb upwards.
Level annotation: Nessos Nessos stands on their hind legs for a moment.
Nessos gestures wildly while chanting.
Nessos seems to speed up.
Nessos shoots an arrow.
The arrow hits you!! The arrow burns you.
There is a stone staircase leading down, spattered with blood here. 😮 HP[-26]
You take 26 damage, and now have 70/96 hp.
MASSIVE DAMAGE!! (PAUSE) Nessos shoots an arrow.
The arrow hits you!
You feel threatened and lose the ability to read scrolls!
The arrow burns you.
You climb downwards.
There is a stone staircase leading up, spattered with blood here.
Things that are here:
3 large rocks {=fthrowing}; a cyclops corpse 😮 HP[-13]
You take 13 damage, and now have 57/96 hp.
You start resting.
You can read scrolls again. 😎 HP[+39]
Your hp is fully restored (96).
You can't go down here!
You climb upwards.
Level annotation: Nessos Nessos mumbles some strange words.
Nessos seems to speed up.
The boulder beetle bites you!
Nessos shoots an arrow.
The arrow hits you! The arrow burns you.
You are poisoned.
The boulder beetle misses you.
There is a stone staircase leading down, spattered with blood here. 😮 HP[-32]
You take 32 damage, and now have 64/96 hp.
MASSIVE DAMAGE!! (PAUSE) Unknown command.
You feel very sick.
Nessos shoots an arrow.
The arrow hits you!
You feel threatened and lose the ability to read scrolls!
* * * LOW HITPOINT WARNING * * *
The arrow burns you.
You are more poisoned.
* * * LOW HITPOINT WARNING * * *
Nessos shoots an arrow.
The arrow hits you!
* * * LOW HITPOINT WARNING * * *
The arrow burns you.
You are lethally poisoned!
* * * LOW HITPOINT WARNING * * *
The boulder beetle bites you!
* * * LOW HITPOINT WARNING * * *
You climb downwards.
You die...
Xom chortles!

Skill      XL: |  1  2  3  4  5  6  7  8  9 10 11 12 |
---------------+-------------------------------------+-----
Dodging        | 1 2 6 7 |  7.2
Long Blades    | 1 2 |  2.6
Evocations     | 1 |  1.8
Maces & Flails | 1 3 5 7 9 12 13 14 | 14.0
Transmutations | 3 |  3.0
Fighting       | 5 9 |  9.6
Shields        | 2 |  2.3
Short Blades   | |  2.6
Armour         | |  1.7

Action                   |  1- 3 |  4- 6 |  7- 9 | 10-12 || total
-------------------------+-------+-------+-------+-------++-------
Melee: Short sword       |    20 |       |       |       ||    20
       Long sword        |    59 |    17 |       |       ||    76
       Mace              |       |    46 |   109 |   284 ||   439
       Punch             |       |     2 |     2 |     2 ||     6
       Kick              |       |     6 |    26 |    77 ||   109
Evoke: Piece from Xom's  |       |    16 |     7 |     6 ||    29
       Phial of floods   |       |       |       |     1 ||     1
       Phantom mirror    |       |       |       |     1 ||     1
  Use: Scroll            |     2 |     5 |     8 |     7 ||    22
       Potion            |     1 |     1 |     1 |     3 ||     6
 Stab: Sleeping          |     1 |     4 |     3 |     5 ||    13
       Paralysed         |       |     1 |     2 |     2 ||     5
       Petrified         |       |       |       |     1 ||     1
       Confused          |       |       |       |     5 ||     5
Armor: Leather armour    |    21 |       |       |       ||    21
       Ring mail         |       |    35 |    25 |    74 ||   134
Dodge: Dodged            |    55 |    40 |    51 |   161 ||   307

Levels and vault maps discovered:
D:1:      saegor_arrival_fortress, layout_loops_ring, serial_shops, shop_statue,
          nicolae_shop_hallway_stairs, shop, minmay_quantized
D:2:      layout_basic, basic_ecumenical_altar, grunt_ministairs_13
D:3:      layout_loops_ring, kennysheep_generic_room_11, uniq_grinder,
          uniq_sigmund
D:4:      gammafunk_steamed_eel, layout_gridville, mainiacjoe_overflow_alcove_1,
          lemuel_crystal_altar, minmay_temple_entry_slanted
D:5:      layout_basic, general_overflow_altar, mumra_transporter_accident,
          minmay_misc_feat_alley, uniq_ijyb, uniq_prince_ribbit1, uniq_pikel
D:6:      layout_loops_cross, mainiacjoe_overflow_tiny_flanked,
          mainiacjoe_overflow_alcove_2, nicolae_overflow_crystal_walls,
          minmay_misc_feat_hallway, kennysheep_cross_bottleneck,
          doesnt_shop_hydraphobe, uniq_eustachio, uniq_edmund
D:7:      layout_loops_ring, mainiacjoe_overflow_surrounded_room,
          nicolae_elevator_lobby_asterisk
D:8:      layout_gridville, lemuel_doored_altar,
          mainiacjoe_overflow_small_starburst, serial_shops,
          nicolae_shop_temple_entry_statues_fountains, moated_statue,
          disabler_island
D:9:      layout_roguey, nicolae_gozag_cash_rules_everything_around_me
D:10:     layout_roguey, xom_confusion_cloud, nicolae_ru_awakened_eye,
          lemuel_zombie_altar_yredelemnul, orc_0_dummy
D:11:     layout_basic, erik_lair_orcish_takeover
D:12:     layout_roguey, gammafunk_ghost_hydra_chop
D:13:     layout_rooms, serial_shops, nicolae_shop_bloodbath_and_beyond,
          minmay_shop_mass, dreamdust_princess_bridge, serial_park_tiny_pond,
          uniq_nessos
D:14:     layout_loops_corners, david_vaults_4, nicolae_vehumet_altar_sigil,
          hangedman_abyss_or_decor_passed, nemelex_spade_bored_becter

Notes
Turn   | Place    | Note
-------+----------+-------------------------------------------
     0 | D:1      | spaghetti the Demonspawn Chaos Knight began the quest for
                  | the Orb.
     0 | D:1      | Reached XP level 1. HP: 18/18 MP: 1/1
     0 | D:1      | magus.rc [v1.9.6]
    53 | D:1      | Reached skill level 1 in Dodging
   127 | D:1      | XOM is BORED!
   127 | D:1      | XOM: silly message
   129 | D:1      | Found Ramavent's Book Shop.
   158 | D:1      | Gained mutation: Spells you cast may paralyse adjacent
                  | enemies. [demonic ancestry]
   158 | D:1      | Reached XP level 2. HP: 20/24 MP: 2/2
   161 | D:1      | Reached skill level 2 in Dodging
   202 | D:1      | XOM: god gift: glowing long sword {god gift}
   252 | D:1      | XOM: 2-stop teleportation journey
   359 | D:1      | Reached skill level 1 in Long Blades
   424 | D:1      | Found Mumog's Distillery.
   536 | D:1      | Found Weakhlex's Assorted Antiques.
   629 | D:1      | XOM: give mutation
   629 | D:1      | Gained mutation: You passively dampen the noise of your
                  | surroundings. [Xom's grace]
   777 | D:1      | Reached XP level 3. HP: 25/29 MP: 3/3
   982 | D:1      | XOM: god gift: 40 gold pieces
  1058 | D:1      | Bought a potion of mutation for 80 gold pieces
  1058 | D:1      | Lost mutation: You passively dampen the noise of your
                  | surroundings. [potion of mutation]
  1058 | D:1      | Gained mutation: You expend magic power (3 MP) to
                  | strengthen your wands. [potion of mutation]
  1058 | D:1      | Gained mutation: You passively dampen the noise of your
                  | surroundings. [potion of mutation]
  1058 | D:1      | Gained mutation: You are resistant to electric shocks.
                  | (rElec) [potion of mutation]
  1350 | D:2      | Reached skill level 2 in Long Blades
  1365 | D:2      | XOM: god gift: piece from Xom's chessboard (15/15)
  1538 | D:2      | Reached skill level 1 in Evocations
  1623 | D:2      | Gained mutation: You regenerate a little health from kills.
                  | [demonic ancestry]
  1623 | D:2      | Reached XP level 4. HP: 34/35 MP: 4/4
  1623 | D:2      | Identified the +1 ring mail of Tyst {-Cast Harm rElec
                  | Stlth+}
  1657 | D:2      | You pick up a book of Blood and begin reading...
  1657 | D:2      | You add the spells Sublimation of Blood, Wereblood and
                  | Summon Hydra to your library.
  1703 | D:2      | Found a faded altar of an unknown god.
  1872 | D:2      | XOM: god gift: wand of digging (5)
  2187 | D:2      | Identified the +8 mace of Vampap {distort, *Corrode rN+++
                  | Str+3 Dex-4}
  2196 | D:2      | XOM: scenery: create altars
  2329 | D:3      | XOM: 2-stop teleportation journey
  2501 | D:3      | You pick up a book of Cantrips and begin reading...
  2501 | D:3      | You add the spells Animate Skeleton, Summon Small Mammal
                  | and Apportation to your library.
  2531 | D:3      | You pick up a book of Pain and begin reading...
  2531 | D:3      | You add the spells Pain, Agony and Excruciating Wounds to
                  | your library.
  2554 | D:3      | HP: 8/35 [orc/+0 trident (8)]
  2701 | D:3      | XOM: give mutation
  2701 | D:3      | Gained mutation: Your mind is acute. (Int +2) [Xom's grace]
  2882 | D:3      | You fall into a shaft and drop 2 floors!
  2882 | D:5      | Entered Level 5 of the Dungeon
  2902 | D:5      | XOM: summons friendly quasit
  2903 | D:5      | Reached skill level 1 in Maces & Flails
  2904 | D:5      | Gained mutation: You have large cloven feet. [demonic
                  | ancestry]
  2904 | D:5      | Reached XP level 5. HP: 28/41 MP: 5/5
  3043 | D:4      | XOM: scenery: 1 doors open
  3126 | D:3      | Reached skill level 2 in Maces & Flails
  3136 | D:3      | XOM: god gift: book of Burglary
  3138 | D:3      | You pick up a book of Burglary and begin reading...
  3138 | D:3      | You add the spells Passwall, Ensorcelled Hibernation and
                  | Swiftness to your library.
  3158 | D:3      | XOM: god gift: ruby ring {god gift}
  3192 | D:3      | Noticed Sigmund
  3204 | D:3      | Banished Sigmund
  3205 | D:3      | Reached skill level 3 in Maces & Flails
  3205 | D:3      | Gained mutation: Spells you cast may paralyse nearby
                  | enemies. [demonic ancestry]
  3205 | D:3      | Reached XP level 6. HP: 47/47 MP: 6/6
  3219 | D:3      | Noticed Grinder
  3224 | D:3      | XOM: enchant monster (good)
  3232 | D:3      | Paralysed by something for 2 turns
  3392 | D:3      | XOM: scenery: summon butterflies
  3573 | D:4      | Found a staircase to the Ecumenical Temple.
  3722 | D:4      | Reached skill level 4 in Maces & Flails
  3786 | D:4      | Found a transporter.
  3814 | D:4      | Found a transporter.
  3853 | D:4      | Found an ancient bone altar of Kikubaaqudgha.
  3901 | D:4      | XOM: snakes to sticks
  3981 | D:4      | XOM: give mutations
  3981 | D:4      | Gained mutation: Your system is resistant to poisons.
                  | (rPois) [Xom's grace]
  3981 | D:4      | Gained mutation: You are agile. (Dex +2) [Xom's grace]
  3981 | D:4      | Gained mutation: Your flesh is heat resistant. (rF+) [Xom's
                  | grace]
  3990 | D:4      | Reached skill level 5 in Maces & Flails
  3990 | D:4      | Gained mutation: You have hoof-like feet. [demonic
                  | ancestry]
  3990 | D:4      | Reached XP level 7. HP: 52/52 MP: 7/7
  4306 | D:5      | Found a burning altar of Makhleb.
  4394 | D:5      | XOM: enchant monster (good)
  4406 | D:5      | XOM: fog
  4407 | D:5      | HP: 9/52 [hound (6)]
  4538 | D:5      | XOM: give mutation
  4538 | D:5      | Gained mutation: A frigid envelope surrounds you and
                  | freezes all who hurt you. [Xom's mischief]
  4593 | D:5      | Learned a level 2 spell: Wereblood
  4597 | D:5      | Learned a level 3 spell: Swiftness
  4619 | D:5      | Reached skill level 6 in Maces & Flails
  4685 | D:5      | You pick up a book of Decay and begin reading...
  4685 | D:5      | You add the spells Corpse Rot, Dispel Undead and Death
                  | Channel to your library.
  4757 | D:5      | Reached skill level 1 in Transmutations
  4871 | D:5      | Reached skill level 2 in Transmutations
  4871 | D:5      | XOM: divination: detect creatures
  4903 | D:5      | Noticed Prince Ribbit
  4920 | D:5      | Killed Prince Ribbit
  4921 | D:5      | Reached skill level 7 in Maces & Flails
  4921 | D:5      | Reached skill level 3 in Transmutations
  4921 | D:5      | Reached XP level 8. HP: 58/58 MP: 8/8
  4949 | D:5      | XOM: summons 1 hostile demon
  5021 | D:5      | Noticed Pikel
  5022 | D:5      | XOM: summons friendly white imp
  5032 | D:5      | Killed Pikel
  5033 | D:5      | Reached skill level 8 in Maces & Flails
  5184 | D:5      | Noticed Ijyb
  5185 | D:5      | Paralysed by Ijyb for 4 turns
  5189 | D:5      | Killed Ijyb
  5236 | D:5      | Reached skill level 9 in Maces & Flails
  5249 | D:6      | XOM: stealth player
  5257 | D:6      | XOM: cast spell 'Alistair's Intoxication'
  5357 | D:6      | XOM: stat loss: -1 Int (16/17)
  5460 | D:6      | XOM: noise
  5498 | D:6      | Noticed Edmund
  5498 | D:6      | XOM: blink monster(s)
  5500 | D:6      | XOM: cast spell 'Chain of Chaos'
  5502 | D:6      | Reached XP level 9. HP: 59/63 MP: 9/9
  5514 | D:6      | Killed Edmund
  5573 | D:6      | Found a hide-covered altar of Uskayaw.
  5583 | D:6      | Noticed Eustachio
  5583 | D:6      | XOM: 1-stop teleportation journey
  5593 | D:6      | Found a stormy altar of Qazlal.
  5598 | D:6      | Reached skill level 10 in Maces & Flails
  5617 | D:6      | Killed Eustachio
  5705 | D:6      | Found Goecujuw's Hydra Hut.
  5710 | D:6      | Noticed a four-headed hydra
  5716 | D:6      | Bought a +0 hand crossbow of freezing for 116 gold pieces
  6208 | D:7      | XOM: 2-stop teleportation journey
  6214 | D:7      | Reached skill level 11 in Maces & Flails
  6220 | D:7      | HP: 14/63 [slime creature (9)]
  6332 | D:7      | You pick up a book of Scorching and begin reading...
  6332 | D:7      | You add the spells Scorch, Flame Wave and Summon Cactus
                  | Giant to your library.
  6396 | D:7      | Reached skill level 12 in Maces & Flails
  6438 | D:7      | XOM: noise
  6443 | D:7      | Gained mutation: You are partially covered in razor-sharp
                  | scales. (AC +1, Slay +1) [demonic ancestry]
  6443 | D:7      | Reached XP level 10. HP: 67/70 MP: 10/10
  6545 | D:7      | XOM: 3-stop teleportation journey
  6623 | D:7      | Found a shadowy altar of Dithmenos.
  6934 | D:8      | Found a shimmering blue altar of Sif Muna.
  6971 | D:8      | XOM: confusion
  7195 | D:8      | XOM: enchant monster (bad)
  7290 | D:8      | Noticed an oklob plant
  7353 | D:8      | Noticed an oklob plant
  7353 | D:8      | Noticed an oklob plant
  7439 | D:8      | Found Qaadasso's General Store.
  7454 | D:8      | XOM: polymorph centaur -> jelly
  7497 | D:8      | XOM: god gift: 2 scrolls of teleportation
  7525 | D:8      | Found a radiant altar of Vehumet.
  7585 | D:8      | XOM: scenery: 1 doors open, 1 doors close
  7696 | D:9      | Noticed a two-headed ogre
  7705 | D:9      | XOM: 2-stop teleportation journey
  7785 | D:9      | XOM: god gift: phial of floods
  7793 | D:9      | Reached skill level 13 in Maces & Flails
  7861 | D:9      | Reached skill level 4 in Fighting
  7943 | D:9      | XOM: scenery: 3 doors close
  8051 | D:9      | XOM: 9-stop teleportation journey
  8074 | D:9      | XOM: cloud trail
  8109 | D:9      | Reached skill level 5 in Fighting
  8118 | D:9      | HP: 13/74 [something (12)]
  8229 | D:9      | Found an opulent altar of Gozag.
  8428 | D:10     | Entered Level 10 of the Dungeon
  8482 | D:10     | Found a sacrificial altar of Ru.
  8595 | D:10     | Reached XP level 11. HP: 81/81 MP: 11/11
  8695 | D:10     | Found a shimmering altar of Xom.
  8736 | D:10     | Reached skill level 6 in Fighting
  8887 | D:10     | Found a staircase to the Orcish Mines.
  8918 | D:10     | Reached skill level 3 in Dodging
  9002 | D:10     | Found a basalt altar of Yredelemnul.
  9308 | D:11     | Noticed a boulder beetle
  9313 | D:11     | XOM: silly message
  9315 | D:11     | Banished a boulder beetle
  9316 | D:11     | Reached skill level 14 in Maces & Flails
  9322 | D:11     | XOM: god gift: 38 gold pieces
  9345 | D:11     | XOM: 3-stop teleportation journey
  9351 | D:11     | XOM: divination: detect items
  9356 | D:11     | Reached skill level 4 in Dodging
  9357 | D:11     | Reached skill level 7 in Fighting
  9363 | D:11     | XOM: swap monsters
  9370 | D:11     | HP: 16/84 [cyclops (31)]
  9374 | D:12     | XOM: enchant monster (bad)
  9523 | D:11     | XOM: noise
  9532 | D:11     | Noticed a two-headed ogre
  9532 | D:11     | Found a staircase to the Lair.
  9532 | D:11     | Noticed a two-headed ogre
  9532 | D:11     | XOM: 8-stop teleportation journey
  9534 | D:11     | Killed a two-headed ogre
  9645 | D:11     | Reached skill level 5 in Dodging
  9730 | D:11     | XOM: scenery: create altars
  9733 | D:11     | Reached skill level 8 in Fighting
  9844 | D:11     | Noticed a white ugly thing
  9847 | D:11     | XOM: summons 6 hostile demons
  9852 | D:12     | Noticed a cyan ugly thing
  9857 | D:12     | Killed a cyan ugly thing
  9992 | D:12     | XOM: polymorph yak -> meliai
  9995 | D:12     | Reached skill level 6 in Dodging
 10032 | D:12     | Noticed a deep elf pyromancer
 10043 | D:12     | Killed a deep elf pyromancer
 10053 | D:12     | XOM: give mutations
 10053 | D:12     | Gained mutation: Armour fits poorly on your strangely
                  | shaped body. [Xom's mischief]
 10053 | D:12     | Lost mutation: A frigid envelope surrounds you and freezes
                  | all who hurt you. [Xom's mischief]
 10053 | D:12     | Gained mutation: You are weak. (Str -2) [Xom's mischief]
 10139 | D:12     | You pick up a book of Geomancy and begin reading...
 10139 | D:12     | You add the spells Sandblast and Stone Arrow to your
                  | library.
 10155 | D:12     | Noticed a deep elf pyromancer
 10157 | D:12     | XOM: confuse monster(s)
 10161 | D:12     | XOM: confusion (+ monsters)
 10165 | D:12     | XOM: cleaving
 10168 | D:12     | Reached skill level 9 in Fighting
 10172 | D:12     | Gained mutation: Spells you cast and wands you use may
                  | paralyse nearby enemies. [demonic ancestry]
 10172 | D:12     | Reached XP level 12. HP: 90/95 MP: 12/12
 10417 | D:11     | XOM: 5-stop teleportation journey
 10424 | D:11     | Reached skill level 1 in Shields
 10485 | D:11     | Killed a two-headed ogre
 10486 | D:11     | Reached skill level 7 in Dodging
 10511 | D:12     | Found a runed translucent gate.
 10511 | D:12     | Found a runed translucent gate.
 10511 | D:12     | Found a runed translucent gate.
 10511 | D:12     | Noticed Bezofud's ghost (journeyman TrWr)
 10513 | D:12     | Noticed a 12-headed hydra
 10513 | D:12     | Noticed a 13-headed hydra
 10766 | D:12     | XOM: give mutations
 10766 | D:12     | Lost mutation: You are agile. (Dex +2) [Xom's mischief]
 10766 | D:12     | Lost mutation: Your system is resistant to poisons. (rPois)
                  | [Xom's mischief]
 10766 | D:12     | Lost mutation: You expend magic power (3 MP) to strengthen
                  | your wands. [Xom's mischief]
 10766 | D:12     | Gained mutation: You sometimes lose the ability to read
                  | scrolls when taking damage. [Xom's mischief]
 10832 | D:13     | Reached skill level 2 in Shields
 10923 | D:13     | Found Abiequm's Weapon Boutique.
 10983 | D:13     | Noticed Nessos
 11001 | D:13     | XOM: smoke on damage
 11132 | D:13     | Noticed a boulder beetle
 11320 | D:13     | HP: 22/96 [Nessos/arrow (19)]
 11320 | D:13     | HP: 6/96 [boulder beetle (13)]
 11321 | D:14     | Succumbed to Nessos's poison

Vanquished Creatures
  2 two-headed ogres (D:11)
  Pikel (D:5)
  A deep elf pyromancer (D:12)
  A manticore (D:13)
  3 cyclopes
  An ugly thing (D:12)
  A gargoyle (D:12)
  A meliai (D:12)
  2 hornets
  2 trolls (D:11)
  4 slime creatures (D:7)
  Prince Ribbit (D:5)
  A meliai zombie (D:10)
  3 wraiths
  A shadow (D:11)
  2 vampires
  20 yaks
  2 steam dragons
  3 wyverns (D:10)
  Eustachio (D:6)
  3 wargs (D:11)
  Edmund (D:6)
  A water moccasin (D:7)
  3 orc warriors (D:10)
  2 sky beasts
  An ogre (D:5)
  6 centaurs
  A lemure (D:5)
  4 kobold brigands
  3 gnoll sergeants
  4 bullfrogs
  4 scorpions
  A necrophage (D:7)
  4 wights (D:9)
  20 killer bees
  10 howler monkeys
  An electric eel (D:6)
  A centaur zombie (D:10)
  2 hounds
  2 jellies
  A gnoll shaman (D:6)
  8 orc priests
  Ijyb (D:5)
  3 iguanas
  5 orc wizards
  11 gnolls
  9 adders
  A shadow imp (D:7)
  3 white imps
  3 dart slugs
  20 orcs
  5 ball pythons
  6 endoplasms
  3 giant cockroaches
  4 goblins
  3 hobgoblins
  6 jackals
  16 kobolds
  4 quokkas
  3 bats
  3 frilled lizards
  6 rats
251 creatures vanquished.

Vanquished Creatures (collateral kills)
  A gnoll sergeant (D:5)
  A hound (D:5)
  3 gnolls (D:5)
5 creatures vanquished.

Vanquished Creatures (others)
  An orc warrior (D:10)
  3 plants
4 creatures vanquished.

Grand Total: 260 creatures vanquished

Table legend:
 A = Non-vault XP
 B = Vault XP
 C = Vault XP percentage of total XP
 D = Non-vault monster count
 E = Vault monster count
 F = Vault count percentage of total count
                 A         B        C        D         E       F
            +---------+---------+-------+---------+---------+-------
      Total |   22381 |    3348 |  13.0 |     237 |      31 |  11.6
            +---------+---------+-------+---------+---------+-------
        D:1 |      42 |       8 |  16.0 |      24 |       4 |  14.3
        D:2 |      92 |       3 |   3.2 |      14 |       2 |  12.5
        D:3 |      20 |     221 |  91.7 |       9 |       2 |  18.2
        D:4 |     324 |       0 |   0.0 |      13 |       0 |   0.0
        D:5 |     920 |     931 |  50.3 |      20 |       3 |  13.0
        D:6 |     890 |     343 |  27.8 |      16 |       2 |  11.1
        D:7 |    2673 |       0 |   0.0 |      31 |       0 |   0.0
        D:8 |     921 |       0 |   0.0 |      13 |       0 |   0.0
        D:9 |    2829 |       0 |   0.0 |      28 |       0 |   0.0
       D:10 |    1931 |    1209 |  38.5 |      23 |      10 |  30.3
       D:11 |    5989 |     633 |   9.6 |      24 |       8 |  25.0
       D:12 |    4535 |       0 |   0.0 |      17 |       0 |   0.0
       D:13 |     728 |       0 |   0.0 |       4 |       0 |   0.0
       D:14 |     487 |       0 |   0.0 |       1 |       0 |   0.0
            +---------+---------+-------+---------+---------+-------

Illustrated notes

Table legend:
 A = Kills in this place as a percentage of kills in entire the game.
 B = Kills by you in this place as a percentage of kills by you in the entire game.
 C = Kills by friends in this place as a percentage of kills by friends in the entire game.
 D = Other kills in this place as a percentage of other kills in the entire game.
 E = Experience gained in this place as a percentage of experience gained in the entire game.
 F = Experience gained in this place divided by the number of levels of this place that you have seen.
                   A       B       C       D       E      F
               +-------+-------+-------+-------+-------+----------------------
         Total | 100.0 | 100.0 | 100.0 | 100.0 | 100.0 | 1837.8
       Dungeon | 100.0 | 100.0 | 100.0 | 100.0 | 100.0 | 1837.8
               +-------+-------+-------+-------+-------+----------------------

Table legend: (Time is in decaauts)
 A = Elapsed time spent in this place.
 B = Non-inter-level travel time spent in this place.
 C = Inter-level travel time spent in this place.
 D = Time resting spent in this place.
 E = Time spent auto-exploring this place.
 F = Levels seen in this place.
 G = Mean time per level.
                   A        B        C        D        E       F      G
               +--------+--------+--------+--------+--------+-----+--------+
         Total |  11281 |  10810 |    471 |   1181 |   7971 |  14 |  805.8 |
       Dungeon |  11281 |  10810 |    471 |   1181 |   7971 |  14 |  805.8 |
               +--------+--------+--------+--------+--------+-----+--------+

Top non-repeatable levels by time:
     D:1: 1341 daAuts
     D:5: 1120 daAuts
     D:2: 999 daAuts
     D:3: 961 daAuts
     D:6: 881 daAuts
     D:4: 861 daAuts
    D:12: 854 daAuts
    D:10: 851 daAuts
     D:7: 786 daAuts
     D:9: 764 daAuts
     D:8: 714 daAuts
    D:11: 639 daAuts
    D:14: 322 daAuts
    D:13: 183 daAuts
